 Dungeon Crawl Stone Soup version 0.19-a0-1786-g230130f (webtiles) character file.

2466 4thArraOfDagon the Grappler (level 9, -3/80 HPs)
             Began as a Troll Monk on Oct 3, 2016.
             Was a Believer of Elyvilon.
             Slain by an ogre
             ... wielding a +0 giant club
              (17 damage)
             ... on level 12 of the Dungeon.
             The game lasted 00:05:03 (1302 turns).

4thArraOfDagon the Grappler (Troll Monk)            Turns: 1302, Time: 00:05:04

Health: -3/80      AC:  5    Str: 21    XL:     9   Next: 26%
Magic:  12/12      EV: 10    Int:  9    God:    Elyvilon [**....]
Gold:   161        SH:  0    Dex: 12    Spells: 1 memorised, 6 levels left

rFire  . . .     SeeInvis .       - Unarmed
rCold  . . .     Gourm    +     a - +0 robe
rNeg   . . .     Faith    .     (no shield)
rPois  .         Spirit   .     (helmet restricted)
rElec  .         Dismiss  .     (no cloak)
rCorr  .         Reflect  .     (gloves unavailable)
MR     .....     Harm     .     (boots unavailable)
Stlth  +.........               (no amulet)
                                (no ring)
                                (no ring)

@: vulnerable
A: unfitting armour, claws 3, fast metabolism 3, gourmand, regeneration 1,
shaggy fur 1, tough skin 2
a: Lesser Healing, Heal Other, Divine Protection, Renounce Religion


You were on level 12 of the Dungeon.
You worshipped Elyvilon.
Elyvilon was pleased with you.
You were very full.

You visited 1 branch of the dungeon, and saw 12 of its levels.

You collected 188 gold pieces.
You spent 27 gold pieces at shops.

Inventory:

Hand Weapons
 h - a +0 giant spiked club
Armour
 a - a +0 robe (worn)
Wands
 c - a wand of slowing (19/48)
 j - a wand of iceblast (9/15)
Scrolls
 d - 2 scrolls of identify {unknown}
Potions
 e - a potion of haste
Books
 m - a book of Geomancy

   Spells                             Type                      Level
   a - Sandblast                      Earth                        1
   b - Passwall                       Transmutation/Earth          2
   c - Stone Arrow                    Conjuration/Earth            3
   d - Petrify                        Transmutation/Earth          4
   e - Lee's Rapid Deconstruction     Earth                        5
Comestibles
 b - 3 bread rations
 i - a slice of pizza


   Skills:
 - Level 2.4 Fighting
 - Level 2.4 Dodging
 - Level 1.1 Stealth
 * Level 11.1 Unarmed Combat
 + Level 5.5 Invocations


You had 6 spell levels left.
You knew the following spells:

 Your Spells              Type           Power        Failure   Level  Hunger
a - Passwall              Tmut/Erth      #.........   65%         2    ###....


Dungeon Overview and Level Annotations

Branches:
Dungeon (12/15)
 Temple: D:4-7         Lair: D:8-11         Orc: D:9-12

Altars:
Elyvilon
The Shining One

Shops:
D:5 *


Innate Abilities, Weirdness & Mutations

You are too large for most types of armour.
You have claws for hands.
Your metabolism is lightning-fast.
You like to eat raw meat.
Your natural rate of healing is unusually fast.
You are covered in fur. (AC +1)
You have very tough skin. (AC +2)


Message History

As you read the scroll labeled VOIKHE FETU, it crumbles to dust.
Magic quickly surges around you.
It was a scroll of vulnerability.
You claw the centaur!
The centaur is severely wounded.
The centaur unwields an uncursed shortbow.
The centaur hits you.
* * * LOW HITPOINT WARNING * * *
Unknown command.
You barely miss the centaur.
The centaur is severely wounded.
The centaur closely misses you.
Unknown command.
You mangle the centaur!!
You kill the centaur!
Unknown command.
Unknown command.
You claw the ogre! You claw the ogre.
The ogre is heavily wounded.
The ogre hits you with a giant club!
You die...

......#[....#
....###.....#.....#
....#.......#.....#
##..#.......+.....#.....#
#..#.......#.....#.....#
#..#...)...#.....#O....#
#..'.......#.....#.....#
#..#..#+####.....#c....#
#..#'##......).@.#.....#
#............)).O#.....#
#....#########...(.....#
#....# #)..#.....#
##....# #...#.....#
......# #...#.....#
......#########...#.....#
..................#.....#
....#############.#.....#


You could see an ogre.

Vanquished Creatures
  A hill giant (D:12)
  A hippogriff (D:9)
  A hungry ghost (D:11)
  3 vampire mosquitoes (D:12)
  Edmund (D:4)
  An orc warrior (D:12)
  2 ogres
  A centaur (D:12)
  2 big kobolds (D:9)
  2 bullfrogs
  A wyvern zombie (D:6)
  A scorpion (D:10)
  2 howler monkeys
  2 crimson imps
  2 orc priests
  A bullfrog skeleton (D:5)
  3 hounds
  2 orc wizards (D:12)
  An iguana (D:9)
  A hound skeleton (D:7)
  A worker ant zombie (D:9)
  2 adders
  A shadow imp (D:12)
  A worm (D:3)
  2 leopard geckos
  8 orcs
  A hobgoblin (D:1)
  8 jackals
  12 kobolds (D:9)
  A quokka (D:6)
  A jackal skeleton (D:5)
  2 rats (D:1)
71 creatures vanquished.

Notes
Turn   | Place    | Note
-------+----------+-------------------------------------------
     0 | D:1      | 4thArraOfDagon the Troll Monk began the quest for the Orb.
     0 | D:1      | Reached XP level 1. HP: 22/22 MP: 0/0
    87 | D:3      | Reached XP level 2. HP: 29/29 MP: 1/1
   234 | D:4      | Noticed Edmund
   298 | D:4      | Killed Edmund
   298 | D:4      | Reached skill level 5 in Unarmed Combat
   298 | D:4      | Reached XP level 3. HP: 16/36 MP: 2/2
   298 | D:4      | Reached XP level 4. HP: 20/44 MP: 3/3
   322 | D:5      | Entered Level 5 of the Dungeon
   324 | D:5      | Reached XP level 5. HP: 46/50 MP: 4/4
   333 | D:5      | Reached skill level 6 in Unarmed Combat
   371 | D:5      | Found Niwkeffank's Assorted Antiques.
   372 | D:5      | Found a white marble altar of Elyvilon.
   422 | D:5      | Bought a scroll labeled VOIKHE FETU for 27 gold pieces
   441 | D:5      | Reached XP level 6. HP: 57/59 MP: 5/5
   445 | D:5      | Became a worshipper of Elyvilon the Healer
   445 | D:5      | Reached * piety under Elyvilon
   445 | D:5      | Reached ** piety under Elyvilon
   492 | D:6      | Reached skill level 7 in Unarmed Combat
   503 | D:6      | Reached skill level 1 in Invocations
   602 | D:6      | Reached XP level 7. HP: 65/66 MP: 7/7
   816 | D:9      | Reached skill level 8 in Unarmed Combat
   894 | D:9      | Learned a level 2 spell: Passwall
   911 | D:9      | Noticed a hippogriff
   920 | D:9      | Killed a hippogriff
   920 | D:9      | Reached skill level 9 in Unarmed Combat
   920 | D:9      | Reached XP level 8. HP: 46/74 MP: 9/9
   925 | D:9      | Found a glowing golden altar of the Shining One.
   968 | D:10     | Entered Level 10 of the Dungeon
  1154 | D:12     | Reached skill level 10 in Unarmed Combat
  1181 | D:12     | Noticed a hill giant
  1197 | D:12     | Killed a hill giant
  1197 | D:12     | Reached skill level 5 in Invocations
  1197 | D:12     | Reached XP level 9. HP: 56/80 MP: 11/11
  1271 | D:12     | Reached skill level 11 in Unarmed Combat
  1302 | D:12     | Slain by an ogre

Vault maps used:
D:1:      lemuel_arrival_funnel, hangedman_decor_push
D:2:      minmay_splitting_lines, minmay_heptomino_h4
D:3:      first_bread
D:4:      uniq_edmund
D:5:      elyvilon_altar_5, serial_shops, shop_fountains, kennysheep_nub,
          uniq_grinder
D:7:      grunt_temple_overflow_cloverleaf, serial_shops, kennysheep_little_box,
          makhleb_blood_cavern_becter, uniq_joseph
D:8:      uniq_grum
D:9:      kennysheep_steamy, tso_altar, lair_0_dummy
D:10:     minmay_statue_hallways, hangedman_fish_farm
D:11:     orc_david_3, uniq_gastronok
D:12:     basic_altar

Skill      XL: |  1  2  3  4  5  6  7  8  9 |
---------------+----------------------------+-----
Unarmed Combat | 5 6 7 9 10 11 | 11.1
Invocations    | 1 3 5 |  5.5
Fighting       | |  2.4
Dodging        | |  2.4
Stealth        | |  1.1

Action                   |  1- 3 |  4- 6 |  7- 9 || total
-------------------------+-------+-------+-------++-------
Melee: Unarmed           |    27 |    65 |   142 ||   234
       Punch             |       |     1 |    11 ||    12
Invok: Lesser Healing    |       |     5 |       ||     5
  Use: Scroll            |     2 |       |     1 ||     3
       Potion            |     3 |       |     2 ||     5
 Stab: Sleeping          |       |     2 |       ||     2
  Eat: Chunk             |       |    11 |    12 ||    23
       Meat ration       |       |       |     1 ||     1
Armor: Robe              |    12 |    13 |    40 ||    65
Dodge: Dodged            |    15 |    43 |    72 ||   130
